[Event "ICC tourney 2545 (5 3)"]
[Site "Internet Chess Club"]
[Date "2021.04.11"]
[Round "5"]
[White "volver"]
[Black "jab"]
[Result "1-0"]
[ICCResult "Black resigns"]
[WhiteElo "1359"]
[BlackElo "1385"]
[Opening "Queen's Pawn"]
[ECO "B07"]
[NIC "QO.17"]
[Time "15:45:59"]
[TimeControl "300+3"]

1. d4 d6 2. e4 c5 3. c3 cxd4 4. cxd4 Nf6 5. Nc3 e5 6. Nf3 exd4 7. Nxd4 Nc6
8. Be3 Be7 9. Be2 O-O 10. O-O Be6 11. Nxe6 fxe6 12. Bc4 Qd7 13. b4 Nxe4 14.
Nxe4 d5 15. Nc5 Bxc5 16. Bxc5 Rfd8 17. Bb3 b6 18. Bd4 e5 19. Be3 Kh8 20. Bg5
Re8 21. Qxd5 Qxd5 22. Bxd5 Nd4 23. Bxa8 Rxa8 24. Be3 Nc6 25. b5 Na5 26. Rac1
h6 27. Rc7 Kh7 28. Rd1 Re8 29. h4 Kg6 30. g4 Kf6 31. Rd6+ Re6 32. g5+ Kf5
33. Rxe6 Kxe6 34. gxh6 gxh6 35. Bxh6 Kd5 36. Be3 Nc4 37. Rxc4 Kxc4 38. h5
Kxb5 39. h6 a5 40. h7 Ka4 41. Bxb6 Kb5 42. Bxa5 Kxa5 43. h8=Q Ka4 44. Qxe5
Ka3 45. f4 Kxa2 46. f5 Kb3 47. f6 Kc4 48. f7 {Black resigns} 1-0

[Event "ICC tourney 2545 (5 3)"]
[Site "Internet Chess Club"]
[Date "2021.04.11"]
[Round "5"]
[White "blackjack721"]
[Black "hannabanana"]
[Result "1-0"]
[ICCResult "Black checkmated"]
[WhiteElo "1224"]
[BlackElo "1230"]
[Opening "Giuoco Piano: Bird's attack"]
[ECO "C54"]
[NIC "IG.02"]
[Time "15:46:06"]
[TimeControl "300+3"]

1. e4 e5 2. Nf3 Nc6 3. Bc4 Bc5 4. c3 Nf6 5. b4 Bb6 6. Qb3 O-O 7. a4 a5 8. b5
Ne7 9. Nxe5 d6 10. Nxf7 Qe8 11. Nxd6+ Kh8 12. Nxe8 Rxe8 13. d3 Ng4 14. O-O
Rf8 15. d4 c5 16. d5 Ng6 17. f4 Nxf4 18. Bxf4 Bd7 19. e5 Rae8 20. e6 Bxe6
21. dxe6 Rd8 22. Nd2 Rxf4 23. Rxf4 Rxd2 24. Rf8# {Black checkmated} 1-0

[Event "ICC tourney 2545 (5 3)"]
[Site "Internet Chess Club"]
[Date "2021.04.11"]
[Round "5"]
[White "aronsp"]
[Black "marioseixas1992"]
[Result "0-1"]
[ICCResult "White resigns"]
[WhiteElo "1321"]
[BlackElo "1321"]
[Opening "Queen's pawn game"]
[ECO "A45"]
[NIC "QP.07"]
[Time "15:47:22"]
[TimeControl "300+3"]

1. d4 Nf6 2. g3 g6 3. Bg2 Bg7 4. Nf3 O-O 5. O-O Re8 6. Nbd2 c6 7. b3 d5 8.
Bb2 Bg4 9. e3 Nbd7 10. Qc1 Rc8 11. c4 b5 12. c5 Ne4 13. Nxe4 dxe4 14. Nd2 f5
15. a3 Nf6 16. b4 a5 17. Qc3 a4 18. Qc2 Qd5 19. Rfc1 Rc7 20. Bc3 Rd7 21. Qa2
Red8 22. Qxd5+ Nxd5 23. Bb2 Nc7 24. Nb1 Ne6 25. Nc3 Ng5 26. Rc2 Bf3 27. Rd2
Bxg2 28. Kxg2 Nf3 29. Rdd1 e5 30. dxe5 Rxd1 31. Rxd1 Rxd1 32. Nxd1 Bxe5 33.
Bxe5 Nxe5 34. Nc3 Kf7 35. Ne2 Ke6 36. Nd4+ Kd5 37. Kf1 Nf3 38. Ne2 Nd2+ 39.
Ke1 Nc4 40. Nc3+ Ke6 41. Nb1 Kd5 42. Kd1 Nb2+ 43. Kc2 Nd3 44. Nc3+ Kc4 45.
Nd1 Ne1+ 46. Kd2 Nf3+ 47. Ke2 Nxh2 48. f4 exf3+ 49. Kf2 Kb3 50. Kg1 Ng4 51.
Kf1 Kxa3 {White resigns} 0-1

[Event "ICC tourney 2545 (5 3)"]
[Site "Internet Chess Club"]
[Date "2021.04.11"]
[Round "5"]
[White "Tavo"]
[Black "romasru"]
[Result "1-0"]
[ICCResult "Black checkmated"]
[WhiteElo "1437"]
[BlackElo "1292"]
[Opening "Scandinavian (center counter) defense"]
[ECO "B01"]
[NIC "VO.17"]
[Time "15:46:28"]
[TimeControl "300+3"]

1. e4 d5 2. e5 h5 3. d4 Bg4 4. Nf3 e6 5. h3 Bf5 6. c3 Be7 7. Be3 Nh6 8. Bb5+
c6 9. Ba4 b5 10. Bc2 a5 11. Nbd2 Nd7 12. a3 Nb6 13. Nf1 Nc4 14. Bc1 h4 15.
Ne3 Bxc2 16. Qxc2 Nxe3 17. Bxe3 Nf5 18. Bd2 b4 19. axb4 axb4 20. O-O bxc3
21. bxc3 Rxa1 22. Rxa1 O-O 23. Ra6 Qc8 24. Qa4 c5 25. Rc6 Qb8 26. dxc5 Qb1+
27. Kh2 Qe4 28. Qxe4 dxe4 29. Nd4 Nxd4 30. cxd4 f5 31. Rxe6 Kf7 32. Ra6 Rc8
33. Be3 Rb8 34. g3 hxg3+ 35. Kxg3 Rb1 36. Kf4 g6 37. h4 Rh1 38. e6+ Kg7 39.
Ke5 Rxh4 40. Ra7 Kf8 41. d5 Rh1 42. d6 Bh4 43. Bh6+ Kg8 44. Rg7+ Kh8 45.
Rxg6 Bxf2 46. e7 Kh7 47. e8=Q Rxh6 48. Qf7+ Kh8 49. Rg8# {Black checkmated}
1-0

[Event "ICC tourney 2545 (5 3)"]
[Site "Internet Chess Club"]
[Date "2021.04.11"]
[Round "5"]
[White "evorg"]
[Black "robbonz"]
[Result "1-0"]
[ICCResult "Black resigns"]
[WhiteElo "1532"]
[BlackElo "688"]
[Opening "Alekhine's defense"]
[ECO "B02"]
[NIC "AL.10"]
[Time "15:47:30"]
[TimeControl "300+3"]

1. e4 Nf6 2. e5 Nd5 3. c4 Nf4 4. d4 Nc6 5. Bxf4 Nxd4 6. Qxd4 f6 7. exf6 exf6
8. Qe3+ Qe7 9. Qxe7+ Bxe7 10. Bxc7 Bb4+ 11. Nc3 O-O 12. O-O-O b6 13. Nd5 Ba5
14. b4 Bxb4 15. Nxb4 Bb7 16. Nf3 Bxf3 17. gxf3 Rfe8 18. Bd3 Rac8 19. Bd6 a5
20. Nd5 Re6 21. Ne7+ Kf7 22. Nxc8 {Black resigns} 1-0

[Event "ICC tourney 2545 (5 3)"]
[Site "Internet Chess Club"]
[Date "2021.04.11"]
[Round "5"]
[White "Fimachess2021"]
[Black "Cramagica"]
[Result "1-0"]
[ICCResult "Black checkmated"]
[WhiteElo "1465"]
[BlackElo "1244"]
[Opening "Sicilian"]
[ECO "B55"]
[NIC "SI.01"]
[Time "15:46:05"]
[TimeControl "300+3"]

1. e4 c5 2. Nf3 d6 3. d4 cxd4 4. Nxd4 Nf6 5. Bb5+ Bd7 6. O-O Nxe4 7. Re1
Bxb5 8. Nxb5 Nf6 9. Nxd6+ Qxd6 10. Qxd6 Nbd7 11. Qf4 Rc8 12. Nc3 e6 13. Bd2
Bc5 14. b4 Bb6 15. Rac1 O-O 16. Ne4 Nxe4 17. Qxe4 Nf6 18. Qxb7 Rc7 19. Qf3
Rfc8 20. c3 Rc4 21. h3 h6 22. a4 Nd5 23. Re4 R4c6 24. c4 Nf6 25. Rh4 Bd8 26.
c5 Be7 27. Rd4 Nd5 28. Rdc4 Bf6 29. g3 Rb8 30. b5 Rcc8 31. c6 Rc7 32. Bf4
Nxf4 33. Qxf4 e5 34. Qe4 Rd8 35. a5 g6 36. b6 axb6 37. axb6 Rcc8 38. c7 Rd4
39. Rxd4 exd4 40. b7 Rd8 41. cxd8=Q+ Bxd8 42. Rc8 Kg7 43. Rxd8 Kf6 44. b8=Q
Kg5 45. Qbf4+ Kh5 46. Qh4# {Black checkmated} 1-0

[Event "ICC tourney 2545 (5 3)"]
[Site "Internet Chess Club"]
[Date "2021.04.11"]
[Round "5"]
[White "HenrikL"]
[Black "drjava"]
[Result "1-0"]
[ICCResult "Black checkmated"]
[WhiteElo "1767"]
[BlackElo "1727"]
[Opening "Sicilian: Kan, 5.Bd3"]
[ECO "B42"]
[NIC "SI.42"]
[Time "15:47:10"]
[TimeControl "300+3"]

1. e4 c5 2. Nf3 e6 3. d4 cxd4 4. Nxd4 a6 5. Bd3 b5 6. O-O Bb7 7. Nc3 Nf6 8.
Qe2 Bc5 9. Nb3 Be7 10. a3 O-O 11. f4 h6 12. Bd2 Nc6 13. Rae1 Qc7 14. e5 Ne8
15. f5 d6 16. f6 gxf6 17. exf6 Nxf6 18. Rxf6 Bxf6 19. Qe4 Rfe8 20. Bxh6 Bg7
21. Qh7+ Kf8 22. Qxg7+ Ke7 23. Bg5+ Kd7 24. Qxf7+ Ne7 25. Rxe6 Qb6+ 26. Kh1
Qc6 27. Rxe7+ Rxe7 28. Qxe7+ Kc8 29. Qd8# {Black checkmated} 1-0

[Event "ICC tourney 2545 (5 3)"]
[Site "Internet Chess Club"]
[Date "2021.04.11"]
[Round "5"]
[White "Tudorache"]
[Black "Radja"]
[Result "0-1"]
[ICCResult "White checkmated"]
[WhiteElo "1726"]
[BlackElo "2161"]
[Opening "Réti opening"]
[ECO "A06"]
[NIC "QP.09"]
[Time "15:47:05"]
[TimeControl "300+3"]

1. Nf3 d5 2. e3 Nf6 3. c4 e6 4. b3 Nbd7 5. Bb2 Bd6 6. g4 O-O 7. g5 Ne4 8. d3
Bb4+ 9. Nbd2 Nxd2 10. Nxd2 Qxg5 11. a3 Be7 12. Nf3 Qh6 13. Bxg7 Kxg7 14.
Rg1+ Kh8 15. Qc2 Bf6 16. Rd1 c6 17. h4 Ne5 18. Ng5 Bxg5 19. hxg5 Nf3+ 20.
Ke2 Nxg1+ 21. Ke1 Qxg5 22. Qc3+ f6 23. Kd2 dxc4 24. bxc4 b5 25. Kc1 a5 26.
cxb5 cxb5 27. Qd4 Qe5 28. Qb6 Qc3+ 29. Kb1 Qb3+ 30. Kc1 Qxa3+ 31. Kb1 Qb3+
32. Kc1 Bd7 33. Kd2 Qb2+ 34. Ke1 Nf3# {White checkmated} 0-1

[Event "ICC tourney 2545 (5 3)"]
[Site "Internet Chess Club"]
[Date "2021.04.11"]
[Round "5"]
[White "doogie"]
[Black "SuleymanliAydin"]
[Result "1-0"]
[ICCResult "Black resigns"]
[WhiteElo "2091"]
[BlackElo "1964"]
[Opening "Queen's Indian: Petrosian system"]
[ECO "E12"]
[NIC "QI.04"]
[Time "15:46:20"]
[TimeControl "300+3"]

1. d4 Nf6 2. c4 e6 3. Nf3 b6 4. a3 Bb7 5. Nc3 g6 6. d5 d6 7. e4 e5 8. h3 Bg7
9. Bd3 O-O 10. O-O Nfd7 11. Be3 f5 12. exf5 gxf5 13. Ng5 Nc5 14. Qh5 h6 15.
Ne6 Nxe6 16. dxe6 e4 17. Be2 Qe8 18. Nd5 Qxh5 19. Bxh5 Na6 20. f3 Bxd5 21.
cxd5 f4 22. e7 Rf5 23. Bg4 Rf7 24. Be6 Bxb2 25. Rab1 Be5 26. fxe4 Kg7 27.
Bxf7 Kxf7 28. Bxf4 Kxe7 29. Bxe5 dxe5 30. Rf5 Kd6 31. Rf6+ Kc5 32. Rxh6 Kd4
33. Re1 Nc5 34. d6 Rc8 35. dxc7 Rxc7 36. Rd6+ Kc3 37. h4 Rh7 38. g3 Rg7 39.
Kh2 Kc4 40. h5 Rg5 41. h6 Nd3 42. Re3 Nf2 43. Kg2 Ng4 44. Re1 {Black
resigns} 1-0

[Event "ICC tourney 2545 (5 3)"]
[Site "Internet Chess Club"]
[Date "2021.04.11"]
[Round "5"]
[White "Bob73"]
[Black "JyothirUaditya"]
[Result "1-0"]
[ICCResult "Black checkmated"]
[WhiteElo "1644"]
[BlackElo "1425"]
[Opening "Ruy Lopez: exchange variation, 5.O-O"]
[ECO "C68"]
[NIC "RL.08"]
[Time "15:46:58"]
[TimeControl "300+3"]

1. e4 e5 2. Nf3 Nc6 3. Bb5 a6 4. Bxc6 dxc6 5. O-O Bg4 6. h3 Bxf3 7. Qxf3 Qf6
8. Qxf6 Nxf6 9. d3 b5 10. a4 Be7 11. Be3 Rb8 12. Nd2 c5 13. axb5 axb5 14.
Ra7 Nh5 15. Rxc7 Nf4 16. Bxc5 Bxc5 17. Rxc5 Ne2+ 18. Kh2 O-O 19. Ra1 Nd4 20.
c3 Ne6 21. Rxe5 b4 22. c4 g6 23. Nf3 b3 24. d4 Rfe8 25. c5 Nxd4 26. Rxe8+
Rxe8 27. Nxd4 Rxe4 28. Nxb3 Rb4 29. c6 Rxb3 30. c7 Rxb2 31. c8=Q+ Kg7 32.
Qc3+ Kh6 33. Qxb2 f5 34. Qd2+ Kg7 35. Ra7+ Kf6 36. Qd4+ Kg5 37. h4+ Kh5 38.
Rxh7# {Black checkmated} 1-0

[Event "ICC tourney 2545 (5 3)"]
[Site "Internet Chess Club"]
[Date "2021.04.11"]
[Round "5"]
[White "Ldon22"]
[Black "LightSurfer"]
[Result "0-1"]
[ICCResult "White resigns"]
[WhiteElo "1315"]
[BlackElo "1771"]
[Opening "Sicilian: Canal-Sokolsky (Nimzovich-Rossolimo, Moscow) attack"]
[ECO "B51"]
[NIC "SI.01"]
[Time "15:46:09"]
[TimeControl "300+3"]

1. e4 c5 2. Nf3 d6 3. Bb5+ Nd7 4. Nc3 Nf6 5. d4 cxd4 6. Qxd4 g6 7. e5 dxe5
8. Nxe5 Bg7 9. Nxd7 Bxd7 10. Bxd7+ Qxd7 11. Qxd7+ Nxd7 12. Bd2 O-O 13. O-O-O
Rac8 14. Nd5 Rfe8 15. Bb4 Nc5 16. Rhe1 e6 17. Ne3 Ne4 18. f3 Nf6 19. Bc3 b5
20. Rd6 Red8 21. Ra6 Rd7 22. Rd1 Rxd1+ 23. Nxd1 Rc7 24. Bd4 Rd7 25. Bxa7
Bh6+ 26. Be3 Rxd1+ 27. Kxd1 Bxe3 28. Ra5 b4 29. Ke2 Bc1 30. b3 Nd5 31. Ra8+
Kg7 32. Ra7 Be3 33. Kd3 Kf6 34. Ra5 Bb6 35. Ra8 Bc7 36. h3 Nf4+ 37. Ke3
Nxg2+ 38. Kf2 Nf4 39. Ra7 Bb6+ {White resigns} 0-1

[Event "ICC tourney 2545 (5 3)"]
[Site "Internet Chess Club"]
[Date "2021.04.11"]
[Round "5"]
[White "habibo"]
[Black "kartheek24"]
[Result "0-1"]
[ICCResult "White checkmated"]
[WhiteElo "1621"]
[BlackElo "1827"]
[Opening "French: advance, Euwe variation"]
[ECO "C02"]
[NIC "FR.03"]
[Time "15:46:14"]
[TimeControl "300+3"]

1. e4 e6 2. d4 d5 3. e5 c5 4. c3 Nc6 5. Nf3 Bd7 6. Be2 cxd4 7. cxd4 f6 8.
exf6 Nxf6 9. O-O Bd6 10. Bg5 O-O 11. Nc3 a6 12. Qc2 Qc7 13. g3 Rae8 14. Nh4
Nxd4 15. Qb1 Nxe2+ 16. Nxe2 Ne4 17. Nd4 Nxg5 18. Rc1 Qb6 19. f4 Qxd4+ 20.
Kh1 Rxf4 21. Rd1 Qf6 22. Qc2 Rf2 23. Qd3 d4 24. Rf1 Bc6+ 25. Kg1 Nh3#
{White checkmated}
0-1

[Event "ICC tourney 2545 (5 3)"]
[Site "Internet Chess Club"]
[Date "2021.04.11"]
[Round "5"]
[White "Hewett555"]
[Black "MyNaughtyKnight"]
[Result "0-1"]
[ICCResult "White resigns"]
[WhiteElo "1248"]
[BlackElo "1265"]
[Opening "French: advance, Paulsen attack"]
[ECO "C02"]
[NIC "FR.03"]
[Time "15:46:47"]
[TimeControl "300+3"]

1. e4 e6 2. d4 d5 3. e5 c5 4. c3 Nc6 5. Nf3 Qb6 6. Be3 Qxb2 7. Nbd2 Qxc3 8.
Rc1 Qa3 9. Bb5 Bd7 10. dxc5 Nge7 11. O-O Nf5 12. Bg5 Bxc5 13. Qc2 Bb6 14.
Nb3 O-O 15. Nh4 Nxh4 16. Bxh4 Rac8 17. Bxc6 Rxc6 18. Qd3 Rxc1 19. Nxc1 Qb4
20. Qg3 Qd2 21. Bf6 Qh6 22. Be7 Rc8 23. Nd3 Bb5 24. Rd1 Rc3 25. h3 Ba4 26.
Bg5 Qg6 27. Rd2 h6 28. Be7 Qxg3 29. Bb4 {White resigns} 0-1

[Event "ICC tourney 2545 (5 3)"]
[Site "Internet Chess Club"]
[Date "2021.04.11"]
[Round "5"]
[White "harrisongaro"]
[Black "B9"]
[Result "0-1"]
[ICCResult "White checkmated"]
[WhiteElo "1529"]
[BlackElo "1795"]
[Opening "QGD: Charousek (Petrosian) variation"]
[ECO "D31"]
[NIC "QP.08"]
[Time "15:46:25"]
[TimeControl "300+3"]

1. d4 d5 2. c4 e6 3. Nc3 Be7 4. e3 Nf6 5. Bd3 b6 6. e4 dxe4 7. Bxe4 Nxe4 8.
Nxe4 Bb7 9. Nf3 Bxe4 10. Ng5 Bxg5 11. Qg4 Bf5 12. Qf3 c6 13. d5 Bxc1 14.
Rxc1 O-O 15. O-O Qc7 16. dxe6 Bxe6 17. Rcd1 Nd7 18. h3 Rad8 19. Rd3 Ne5 20.
Qg3 Rxd3 21. Qf4 Bxc4 22. Re1 Rd5 23. Re3 Rd1+ 24. Kh2 Ng4+ 25. hxg4 Qxf4+
26. Rg3 Re8 27. Kh3 Rh1# {White checkmated} 0-1

[Event "ICC tourney 2545 (5 3)"]
[Site "Internet Chess Club"]
[Date "2021.04.11"]
[Round "5"]
[White "byumitchell"]
[Black "dashriprock"]
[Result "1-0"]
[ICCResult "Black resigns"]
[WhiteElo "1211"]
[BlackElo "1424"]
[Opening "French: Winawer (Nimzovich) variation"]
[ECO "C15"]
[NIC "FR.08"]
[Time "15:47:10"]
[TimeControl "300+3"]

1. e4 e6 2. d4 d5 3. Nc3 Bb4 4. exd5 Bxc3+ 5. bxc3 exd5 6. Ba3 Nc6 7. Nf3
Nge7 8. Bd3 O-O 9. O-O Re8 10. Ne5 Ng6 11. Nxg6 hxg6 12. f4 Qf6 13. Rf2 Bf5
14. Bxf5 Qxf5 15. Qd2 Na5 16. c4 Nxc4 17. Qb4 b6 18. Raf1 Re4 19. Bc1 Rae8
20. Bb2 Re2 21. Ba3 Qxc2 22. h3 Rxf2 23. Rxf2 Re1+ 24. Qxe1 {Black resigns}
1-0

[Event "ICC tourney 2545 (5 3)"]
[Site "Internet Chess Club"]
[Date "2021.04.11"]
[Round "5"]
[White "Iulia85"]
[Black "ELCCEthan488"]
[Result "1-0"]
[ICCResult "Black resigns"]
[WhiteElo "1652"]
[BlackElo "1538"]
[Opening "Sicilian: closed"]
[ECO "B24"]
[NIC "SI.44"]
[Time "15:47:25"]
[TimeControl "300+3"]

1. e4 c5 2. Nc3 Nc6 3. g3 g6 4. Bg2 Bg7 5. d3 e6 6. Nh3 Nge7 7. O-O O-O 8.
Be3 b6 9. Qd2 Bb7 10. Bh6 d5 11. Bxg7 Kxg7 12. exd5 Nxd5 13. Nxd5 exd5 14.
Nf4 Ne7 15. Rfe1 h5 16. h4 Nf5 17. Re5 Qf6 18. Rae1 Rad8 19. c3 Rd7 20.
Nxh5+ gxh5 21. Qf4 Nh6 22. Rg5+ Qg6 23. Qe5+ f6 24. Rxg6+ Kxg6 25. Qe6 Rdf7
26. Bxd5 Bxd5 27. Qxd5 Nf5 28. Re6 Ne7 29. Qe4+ Nf5 30. g4 {Black resigns}
1-0

[Event "ICC tourney 2545 (5 3)"]
[Site "Internet Chess Club"]
[Date "2021.04.11"]
[Round "5"]
[White "ROWLAND"]
[Black "sudhirkj"]
[Result "1/2-1/2"]
[ICCResult "Game drawn by repetition"]
[WhiteElo "1557"]
[BlackElo "1343"]
[Opening "Pirc defense"]
[ECO "B07"]
[NIC "PU.07"]
[Time "15:47:23"]
[TimeControl "300+3"]

1. e4 g6 2. d4 Nf6 3. Nc3 d6 4. Be3 Bg7 5. f3 Bd7 6. Qd2 a6 7. h4 h5 8.
O-O-O c6 9. Nh3 Bxh3 10. Rxh3 Nbd7 11. Rh1 Nb6 12. Kb1 Nfd7 13. f4 e5 14. f5
gxf5 15. exf5 Nd5 16. Nxd5 cxd5 17. Bg5 f6 18. Be3 e4 19. Bf4 Nb6 20. Qb4
Bf8 21. c4 Nxc4 22. Bxc4 dxc4 23. Qxc4 d5 24. Qc7 Qxc7 25. Bxc7 Kf7 26. Bf4
Rc8 27. Rc1 Be7 28. Rxc8 Rxc8 29. Rc1 Rxc1+ 30. Kxc1 Bd8 31. Kc2 b5 32. Kc3
a5 33. b4 Ke7 34. a3 Kd7 35. Kd2 axb4 36. axb4 Bb6 37. Kc3 Bc7 38. Bxc7 Kxc7
39. Kd2 Kc6 40. Ke3 Kd6 41. Kf4 Ke7 42. Ke3 Kf7 43. Kf4 Kg7 44. Ke3 Kh6 45.
Kf4 Kg7 46. Ke3 Kh6 47. Kf4 Kg7 {Game drawn by repetition} 1/2-1/2

[Event "ICC tourney 2545 (5 3)"]
[Site "Internet Chess Club"]
[Date "2021.04.11"]
[Round "5"]
[White "jacobsperber"]
[Black "Z3N"]
[Result "0-1"]
[ICCResult "White checkmated"]
[WhiteElo "1284"]
[BlackElo "1514"]
[Opening "QGD: Charousek (Petrosian) variation"]
[ECO "D31"]
[NIC "QP.08"]
[Time "15:46:24"]
[TimeControl "300+3"]

1. d4 d5 2. c4 e6 3. Nc3 Be7 4. Bf4 Nf6 5. e3 Bd6 6. Bg3 Bxg3 7. hxg3 O-O 8.
Bd3 h6 9. Nf3 Nbd7 10. Qc2 a6 11. cxd5 exd5 12. O-O-O c5 13. Rh2 c4 14. Bf5
Re8 15. Rdh1 Nf8 16. Ne5 Bxf5 17. Qxf5 Qc8 18. Qf3 Qe6 19. g4 N8h7 20. Qe2
b5 21. f4 b4 22. Nd1 Ne4 23. Nf2 Ng3 24. Qc2 Nxh1 25. Rxh1 b3 26. axb3 cxb3
27. Qd3 f6 28. g5 fxe5 29. gxh6 e4 30. Qe2 Rac8+ 31. Kb1 Qc6 32. hxg7 Qa4
33. Rxh7 Qa2# {White checkmated} 0-1

[Event "ICC tourney 2545 (5 3)"]
[Site "Internet Chess Club"]
[Date "2021.04.11"]
[Round "5"]
[White "Grieve72"]
[Black "DWGriff"]
[Result "1-0"]
[ICCResult "Black resigns"]
[WhiteElo "2213"]
[BlackElo "1705"]
[Opening "Sicilian"]
[ECO "B56"]
[NIC "SI.25"]
[Time "15:46:22"]
[TimeControl "300+3"]

1. e4 c5 2. Nf3 d6 3. d4 cxd4 4. Nxd4 Nf6 5. Nc3 Nc6 6. f3 e5 7. Nb3 Be6 8.
Nd5 Bxd5 9. exd5 Na5 10. Bb5+ Nd7 11. Nd2 b6 12. b4 Nb7 13. O-O Be7 14. Qe2
O-O 15. Bb2 Qc7 16. f4 Bf6 17. Ne4 Rae8 18. Qg4 Qxc2 19. Bxd7 Qxe4 20. Bxe8
Rxe8 21. Qd7 Rd8 22. Qxb7 Qxb4 23. Rab1 Qc5+ 24. Kh1 exf4 25. Bxf6 gxf6 26.
Qe7 Rc8 27. Qxf6 Qxd5 28. Rxf4 Qd2 29. Rg4+ Kf8 30. Qh8+ Ke7 31. Qxc8
{Black resigns}
1-0

[Event "ICC tourney 2545 (5 3)"]
[Site "Internet Chess Club"]
[Date "2021.04.11"]
[Round "5"]
[White "JstackGA"]
[Black "Xuanli28"]
[Result "0-1"]
[ICCResult "White resigns"]
[WhiteElo "1440"]
[BlackElo "1678"]
[Opening "Sicilian: Canal-Sokolsky (Nimzovich-Rossolimo, Moscow) attack"]
[ECO "B51"]
[NIC "SI.01"]
[Time "15:47:10"]
[TimeControl "300+3"]

1. e4 c5 2. Nf3 d6 3. Bb5+ Nd7 4. d4 cxd4 5. Qxd4 a6 6. Ba4 b5 7. Bb3 Bb7 8.
Be3 Ngf6 9. Nbd2 g6 10. Ng5 e6 11. Bxe6 fxe6 12. Nxe6 Qc8 13. g4 Kf7 14. g5
Kxe6 15. gxf6 Nxf6 16. Bg5 Be7 17. O-O Qc5 18. Bxf6 Bxf6 19. Qd3 Kf7 20. e5
Qxe5 21. Nf3 Qe4 22. Qxd6 Qxf3 23. Qc7+ Be7 {White resigns} 0-1

[Event "ICC tourney 2545 (5 3)"]
[Site "Internet Chess Club"]
[Date "2021.04.11"]
[Round "5"]
[White "Eagle64"]
[Black "Comeback2016"]
[Result "1-0"]
[ICCResult "Black resigns"]
[WhiteElo "2573"]
[BlackElo "1723"]
[Opening "King's Indian: Torre attack"]
[ECO "A48"]
[NIC "QP.01"]
[Time "15:47:30"]
[TimeControl "300+3"]

1. d4 Nf6 2. Nf3 g6 3. Bg5 Bg7 4. Nbd2 d5 5. e3 O-O 6. Be2 c5 7. c3 b6 8.
O-O Bb7 9. Ne5 Ne4 10. Nxe4 dxe4 11. Bc4 Nc6 12. Nxc6 Bxc6 13. dxc5 bxc5 14.
Qxd8 Rfxd8 15. Bxe7 Rd2 16. Rab1 Rb8 17. Bxc5 Rbxb2 18. Rxb2 Rxb2 19. Rd1
Bxc3 20. Rd8+ Kg7 21. Bf8+ Kf6 22. Rd6+ Kf5 23. Rxc6 Be1 24. Kf1 Bxf2 25.
g4+ Kxg4 26. Be2+ Kh3 27. Kxf2 Rxa2 28. Bd6 f5 29. Rc7 h5 30. Rg7 h4 31.
Rxg6 a5 32. Be7 f4 33. exf4 Kxh2 34. Bxh4 {Black resigns} 1-0

[Event "ICC tourney 2545 (5 3)"]
[Site "Internet Chess Club"]
[Date "2021.04.11"]
[Round "5"]
[White "oxdidi"]
[Black "objetpetit-zam"]
[Result "0-1"]
[ICCResult "White forfeits on time"]
[WhiteElo "1106"]
[BlackElo "1382"]
[Opening "Scandinavian: Pytel-Wade variation"]
[ECO "B01"]
[NIC "SD.02"]
[Time "15:46:27"]
[TimeControl "300+3"]

1. e4 d5 2. exd5 Qxd5 3. Nc3 Qd6 4. d4 a6 5. Nf3 Bg4 6. h3 Bh5 7. Be2 Nf6 8.
O-O Nc6 9. d5 Nb4 10. Bc4 O-O-O 11. a3 Nbxd5 12. Bxd5 Nxd5 13. Nxd5 Qxd5 14.
Bf4 Bxf3 15. Qxf3 Qxf3 16. gxf3 e6 17. Rad1 Bd6 18. Bg3 f6 19. Bxd6 Rxd6 20.
Rfe1 Rxd1 21. Rxd1 Rd8 22. Re1 e5 23. Re2 b5 {White forfeits on time} 0-1

[Event "ICC tourney 2545 (5 3)"]
[Site "Internet Chess Club"]
[Date "2021.04.11"]
[Round "5"]
[White "Ohanessian"]
[Black "ickyquarter"]
[Result "1-0"]
[ICCResult "Black checkmated"]
[WhiteElo "2009"]
[BlackElo "1665"]
[Opening "Sicilian: dragon, classical attack"]
[ECO "B72"]
[NIC "SI.16"]
[Time "15:46:22"]
[TimeControl "300+3"]

1. e4 c5 2. Nf3 d6 3. d4 cxd4 4. Nxd4 Nf6 5. Nc3 g6 6. Be3 Bg7 7. Be2 O-O 8.
g4 Nc6 9. g5 Nd7 10. h4 Nxd4 11. Bxd4 Qa5 12. Bxg7 Kxg7 13. Qd4+ Kg8 14.
O-O-O Nb6 15. Kb1 Be6 16. h5 Qxg5 17. Rdg1 Qe5 18. Qd2 Rac8 19. hxg6 fxg6
20. Rg5 Qf4 21. Qxf4 Rxf4 22. f3 Nc4 23. Kc1 Ne5 24. Rg3 Rcf8 25. Rf1 Kg7
26. Kd2 Nc4+ 27. Bxc4 Bxc4 28. Rf2 Be6 29. Ke3 h6 30. Ne2 R4f6 31. Nd4 Bd7
32. Rfg2 g5 33. b3 Rc8 34. c4 Rcf8 35. Ne2 b5 36. f4 bxc4 37. fxg5 R6f7 38.
gxh6+ Kh8 39. bxc4 Be6 40. Nd4 Bxc4 41. Nf5 Be6 42. Nh4 Rc8 43. Rg7 Rxg7 44.
Rxg7 Rc3+ 45. Kd2 Rh3 46. Ng6# {Black checkmated} 1-0

[Event "ICC tourney 2545 (5 3)"]
[Site "Internet Chess Club"]
[Date "2021.04.11"]
[Round "5"]
[White "Python64"]
[Black "SuperPuzzler"]
[Result "1-0"]
[ICCResult "Black checkmated"]
[WhiteElo "1824"]
[BlackElo "1836"]
[Opening "King's Indian: orthodox, Aronin-Taimanov, bayonet attack"]
[ECO "E97"]
[NIC "KI.05"]
[Time "15:46:23"]
[TimeControl "300+3"]

1. c4 Nf6 2. Nc3 d6 3. e4 g6 4. Nf3 Bg7 5. d4 O-O 6. Be2 e5 7. O-O Nc6 8. d5
Ne7 9. b4 Nd7 10. Ne1 f5 11. f3 f4 12. Nd3 g5 13. Bd2 Nf6 14. Be1 h5 15. c5
Ng6 16. Rc1 Rf7 17. Bf2 g4 18. Qc2 Bf8 19. cxd6 cxd6 20. Nb5 h4 21. Nxa7 Bd7
22. Qc7 g3 23. Bb6 Qe8 24. Qxb7 gxh2+ 25. Kxh2 h3 26. Rg1 Rh7 27. g3 Ng4+
28. fxg4 Bxg4 29. Qxh7+ Kxh7 30. Bxg4 Qb8 31. Rc8 Qxb6 32. Rxa8 Qb7 33. Rd8
Be7 34. Rd7 Qb6 35. Nc8 Qa6 36. Nxe7 Qxa2+ 37. Kxh3 Nxe7 38. Rxe7+ Kg6 39.
gxf4 exf4 40. Bf5+ Kf6 41. Re6+ Kf7 42. Rxd6 Qe2 43. Ne5+ Kf8 44. Rd8+ Ke7
45. Nc6+ Kf7 46. Be6+ Kf6 47. Rf8# {Black checkmated} 1-0

[Event "ICC tourney 2545 (5 3)"]
[Site "Internet Chess Club"]
[Date "2021.04.11"]
[Round "5"]
[White "hansup"]
[Black "weakfish"]
[Result "1-0"]
[ICCResult "Black resigns"]
[WhiteElo "1553"]
[BlackElo "1341"]
[Opening "English: Caro-Kann defensive system"]
[ECO "A11"]
[NIC "RE.06"]
[Time "15:46:01"]
[TimeControl "300+3"]

1. c4 c6 2. g3 d5 3. Bg2 Nf6 4. Nf3 Bf5 5. b3 e6 6. Bb2 Be7 7. d3 Nbd7 8.
O-O Qc7 9. Nbd2 O-O 10. Rc1 Qa5 11. a4 Rac8 12. Re1 Bb4 13. cxd5 cxd5 14.
Rxc8 Rxc8 15. Rf1 Bg4 16. h3 Bh5 17. g4 Bg6 18. e4 dxe4 19. dxe4 Rd8 20. e5
Nd5 21. Nc4 Qc7 22. Nd4 a6 23. f4 b5 24. f5 bxc4 25. fxg6 Ne3 26. gxf7+ Kf8
27. Nxe6+ Ke7 28. Nxc7 Nxd1 29. Rxd1 Kxf7 30. e6+ {Black resigns} 1-0

[Event "ICC tourney 2545 (5 3)"]
[Site "Internet Chess Club"]
[Date "2021.04.11"]
[Round "5"]
[White "fertigto"]
[Black "justlucky"]
[Result "0-1"]
[ICCResult "White forfeits on time"]
[WhiteElo "1229"]
[BlackElo "1278"]
[Opening "Caro-Kann: Bronstein-Larsen variation"]
[ECO "B16"]
[NIC "CK.07"]
[Time "15:46:29"]
[TimeControl "300+3"]

1. e4 c6 2. d4 d5 3. Nc3 dxe4 4. Nxe4 Nf6 5. Nxf6+ gxf6 6. Bf4 Bf5 7. Nf3 e6
8. Qd2 Na6 9. O-O-O Nc7 10. Bd3 Bxd3 11. Qxd3 Qd7 12. Kb1 O-O-O 13. Be3 Nd5
14. c4 Nxe3 15. fxe3 Bh6 16. e4 Kb8 17. Qb3 Rhg8 18. g3 Rg4 19. Rhg1 Rxe4
20. Rd3 e5 {White forfeits on time} 0-1